 Dungeon Crawl Stone Soup version 0.31-a0-1-g4198be8af4 (webtiles) character file.

Game seed: 790211043042845613

4206 jasper the Cleaver (level 10, -3/80 HPs)
             Began as a Mummy Cinder Acolyte on May 1, 2023.
             Was a Believer of Ignis.
             Slain by a komodo dragon (6 damage)
             ... on level 8 of the Dungeon on May 2, 2023.
             The game lasted 00:13:31 (7656 turns).

jasper the Cleaver (Mummy Cinder Acolyte)           Turns: 7656, Time: 00:13:32

Health: -3/80      AC: 18    Str: 22    XL:     10   Next: 8%
Magic:  12/12      EV:  6    Int: 14    God:    Ignis [**....]
Gold:   228        SH:  0    Dex: 13    Spells: 11/11 levels left

rFire   . . .        o - +3 hand axe (elec)
rCold   + . .        (no shield)
rNeg    + + +        F - +0 plate armour
rPois   ∞            (no helmet)
rElec   .            (no cloak)
rCorr   .            e - +2 pair of gloves
SInv    .            w - +1 pair of boots
Will    ++...        (no amulet) Stlth
                     f - +6 ring of dexterity
HPRegen 0.33/turn    h - ring of willpower
MPRegen 0.13/turn

%: faith
@: no status effects
A: cold resistance 1, negative energy resistance 3, torment resistance 2, heat
vulnerability 1, in touch with death 1, no potions, faith
a: Renounce Religion, Fiery Armour, Foxfire Swarm, Rising Flame


You were on level 8 of the Dungeon.
You worshipped Ignis.
Ignis was pleased with you.
You visited 1 branch of the dungeon, and saw 8 of its levels.

You collected 453 gold pieces.
You spent 225 gold pieces at shops.

Inventory:

Hand Weapons
 a - a -1 hand axe of freezing
 c - a +0 war axe
 n - a +0 whip of electrocution
 o - a +3 hand axe of electrocution (weapon)
 t - a +0 war axe
 x - a +2 morningstar
 A - a +0 broad axe
Missiles
 g - 54 stones
 i - 5 poisoned darts (quivered)
 k - 6 javelins
Armour
 b - a +0 robe
 d - a +0 leather armour
 e - a +2 pair of gloves (worn)
 j - a +0 ring mail
 l - a +1 pair of boots
 p - a +0 scale mail
 w - a +1 pair of boots (worn)
 y - a +0 chain mail
 B - a +3 ring mail of cold resistance
 F - a +0 plate armour (worn)
Jewellery
 f - a +6 ring of dexterity (left hand)
 h - a ring of willpower (right hand)
 r - a ring of wizardry
Wands
 E - a wand of digging (3)
Scrolls
 m - 3 scrolls of identify
 q - 2 scrolls of vulnerability
 s - 2 scrolls of poison
 u - 4 scrolls of fog
 v - 4 scrolls of blinking
 z - a scroll of enchant armour
 C - a scroll of immolation
 D - a scroll of enchant weapon
 G - a scroll of teleportation


   Skills:
 + Level 7.9 Fighting
 * Level 9.1 Axes
 + Level 6.0 Armour
 - Level 1.3 Spellcasting
 - Level 2.4 Fire Magic


You had 11 spell levels left.
You didn't know any spells.
Your spell library contained the following spells:

 Spells                   Type           Power      Damage    Failure   Level
 Scorch                   Fire           14%        2d5       95%         2
 Kiss of Death            Conj/Necr      4%         2d5       99%         1
 Magic Dart               Conj           0%         1d3       99%         1
 Necrotise                Necr           4%         1d4       99%         1
 Sandblast                Erth           0%         2d4       99%         1
 Call Imp                 Summ           0%         N/A       100%        2
 Lesser Beckoning         Tloc           0%         N/A       100%        2
 Passwall                 Tmut/Erth      0%         N/A       100%        2
 Confusing Touch          Hex            0%         N/A       100%        3
 Gell's Gravitas          Tloc           0%         N/A       100%        3
 Mephitic Cloud           Conj/Pois/Air  0%         N/A       100%        3
 Stone Arrow              Conj/Erth      0%         3d7       100%        3
 Teleport Other           Tloc           0%         N/A       100%        3
 Vampiric Draining        Necr           1%         2d6       100%        3
 Animate Armour           Summ/Erth      0%         N/A       100%        4
 Dispel Undead            Necr           1%         3d6       100%        4
 Agony                    Necr           1%         N/A       100%        5
 Malign Gateway           Summ/Tloc      0%         N/A       100%        7
 Lehudib's Crystal Spear  Conj/Erth      0%         10d2      100%        8
 Summon Horrible Things   Summ           0%         N/A       100%        8


Dungeon Overview and Level Annotations

Branches:
Dungeon (8/15)             Temple (0/1) D:6            Lair (0/5) D:8

Altars:
Cheibriados
Okawaru
Qazlal
Trog
Vehumet

Shops:
D:5 !?[   D:6 (   D:7 *   D:8 !:

Annotations:
D:5 1 runed translucent door, Crazy Yiuf, Edmund
D:6 Maggie


Innate Abilities, Weirdness & Mutations

You are immune to poison.
Your flesh is cold resistant. (rC+)
You are immune to negative energy. (rN+++)
You are immune to unholy pain and torment.
You are vulnerable to heat. (rF-)
You are in touch with the powers of death.
You do not drink.
You have a special connection with the divine. (Faith)


Message History

You take 8 damage, and have 72/80 hp.
You hit the komodo dragon but do no damage.
Lightning courses through the komodo dragon!
The komodo dragon is moderately wounded.
The komodo dragon bites you but does no damage.
You hit the komodo dragon.
The komodo dragon is moderately wounded.
The komodo dragon bites you but does no damage.
You hit the komodo dragon but do no damage.
The komodo dragon is moderately wounded.
You barely miss the komodo dragon.
You punch the komodo dragon, but do no damage.
The komodo dragon is heavily wounded.
The komodo dragon bites you!
You take 12 damage, and have 61/80 hp.
You hit the komodo dragon but do no damage.
The komodo dragon is heavily wounded.
The komodo dragon barely misses you.
You hit the komodo dragon.
The komodo dragon is heavily wounded.
The komodo dragon bites you!!
You take 18 damage, and have 43/80 hp.
MASSIVE DAMAGE!!
You hit the komodo dragon but do no damage.
The komodo dragon is heavily wounded.
The komodo dragon barely misses you.
You slash the komodo dragon!
The komodo dragon is severely wounded.
You slash the komodo dragon!
The komodo dragon is almost dead.
The komodo dragon bites you!
You take 17 damage, and have 27/80 hp.
MASSIVE DAMAGE!!
You hit the komodo dragon but do no damage.
The komodo dragon is almost dead.
The komodo dragon bites you!!
* * * LOW HITPOINT WARNING * * *
You take 25 damage, and have 2/80 hp.
MASSIVE DAMAGE!!
You hit the komodo dragon.
The komodo dragon is almost dead.
The komodo dragon bites you.
You die...

........#.##...#
################ ##
#!## ### .## ####
#..###.######..##.(..(
##....##.#...#...(#((.
######.##.....#(.....#
##
#.###.........(.....#
.#
##...........#l...##..#
.###........####@#..#.#
..†....###.#.# ###.## #
#########..##.# ##>
#### ## ##


You could see a komodo dragon (poisoned).

Vanquished Creatures
  A komodo dragon (D:8)
  Grinder (D:6)
  Prince Ribbit (D:7)
  Sigmund (D:4)
  2 wyverns (D:8)
  A basilisk (D:8)
  Menkaure (D:4)
  3 steam dragons (D:8)
  An acid dragon (D:6)
  Duvessa (D:6)
  An orc warrior (D:8)
  An ice beast (D:7)
  A black bear (D:6)
  A sky beast (D:7)
  2 centaurs
  A phantom (D:7)
  3 bullfrogs (D:8)
  A scorpion (D:6)
  3 wights (D:5)
  Dowan (D:6)
  4 killer bees (D:6)
  2 orc priests
  3 hounds
  2 jellies
  A sleepcap (D:8)
  4 iguanas
  Jessica (D:3)
  16 orc wizards
  Ijyb (D:5)
  14 adders
  2 shadow imps
  A white imp (D:3)
  2 ufetubi
  2 worms (D:2)
  4 dart slugs
  48 orcs
  7 ball pythons
  6 endoplasms
  2 giant cockroaches
  6 goblins
  5 hobgoblins
  3 jackals (D:4)
  4 kobolds
  A quokka (D:2)
  4 bats
  2 frilled lizards
  6 rats
181 creatures vanquished.

Vanquished Creatures (others)
  A black bear (D:6)
  An orc wizard (D:7)
  28 foxfires (D:6)
30 creatures vanquished.

Grand Total: 211 creatures vanquished

Notes
Turn   | Place    | Note
-------+----------+-------------------------------------------
     0 | D:1      | jasper the Mummy Cinder Acolyte began the quest for the
                  | Orb.
     0 | D:1      | Reached XP level 1. HP: 18/18 MP: 2/2
   340 | D:1      | Reached XP level 2. HP: 24/24 MP: 4/4
  1069 | D:2      | Reached skill level 3 in Axes
  1088 | D:2      | Found a snail-covered altar of Cheibriados.
  1096 | D:2      | Gained mutation: You are in touch with the powers of death.
                  | [Mummy growth]
  1096 | D:2      | Reached XP level 3. HP: 29/29 MP: 5/5
  1190 | D:2      | Reached skill level 1 in Armour
  1425 | D:2      | Reached XP level 4. HP: 34/35 MP: 6/6
  1906 | D:3      | Reached XP level 5. HP: 42/42 MP: 7/7
  2217 | D:3      | Found a faded altar of an unknown god.
  2293 | D:3      | Noticed Jessica
  2298 | D:3      | Killed Jessica
  2299 | D:3      | Reached skill level 4 in Axes
  2803 | D:4      | Noticed Sigmund
  2825 | D:4      | Killed Sigmund
  2826 | D:4      | Reached XP level 6. HP: 25/49 MP: 8/8
  3272 | D:5      | Entered Level 5 of the Dungeon
  3445 | D:5      | Noticed Menkaure
  3471 | D:4      | Killed Menkaure
  3472 | D:4      | Reached skill level 5 in Axes
  3472 | D:4      | Reached XP level 7. HP: 22/55 MP: 9/9
  3779 | D:5      | Noticed Ijyb
  3794 | D:5      | Killed Ijyb
  3795 | D:5      | Reached skill level 5 in Fighting
  3826 | D:5      | Found Qetusun's Antique Armour Shoppe.
  3829 | D:5      | Bought a pair of embroidered boots for 195 gold pieces
  4363 | D:5      | Found Geafur's Distillery.
  4389 | D:5      | Found Numaozxaim's Magic Scroll Shop.
  4397 | D:5      | Bought a scroll of identify for 30 gold pieces
  4481 | D:5      | Found a runed translucent door.
  4482 | D:5      | Noticed Crazy Yiuf
  4900 | D:6      | Noticed Duvessa
  4900 | D:6      | Noticed Dowan
  4909 | D:6      | Killed Duvessa
  4910 | D:6      | Reached skill level 6 in Axes
  4910 | D:6      | Reached XP level 8. HP: 33/63 MP: 10/10
  4914 | D:6      | Killed Dowan
  4922 | D:6      | Noticed Edmund
  5128 | D:6      | Found a bloodstained altar of Trog.
  5148 | D:6      | Found a radiant altar of Vehumet.
  5237 | D:6      | Found an iron altar of Okawaru.
  5237 | D:6      | Found a stormy altar of Qazlal.
  5320 | D:6      | Noticed Grinder
  5325 | D:6      | Reached skill level 7 in Axes
  5330 | D:6      | Killed Grinder
  5613 | D:6      | Reached XP level 9. HP: 59/71 MP: 11/11
  5693 | D:6      | Found a staircase to the Ecumenical Temple.
  5714 | D:6      | Found Yhuzypoun's Antique Weapon Shop.
  5821 | D:6      | Noticed Maggie
  6039 | D:7      | Noticed Prince Ribbit
  6063 | D:7      | Reached skill level 5 in Armour
  6089 | D:7      | Killed Prince Ribbit
  6090 | D:7      | Reached skill level 8 in Axes
  6500 | D:7      | Found Dicetod's Overcharged Wands.
  7032 | D:8      | Found Jebrus's Distillery.
  7305 | D:8      | Found Alium's Tiny Tomes.
  7422 | D:8      | Noticed a komodo dragon
  7431 | D:8      | Killed a komodo dragon
  7494 | D:8      | Reached skill level 9 in Axes
  7494 | D:8      | Reached XP level 10. HP: 66/80 MP: 12/12
  7581 | D:8      | Found a staircase to the Lair.
  7655 | D:8      | HP: 2/80 [komodo dragon (25)]
  7656 | D:8      | Slain by a komodo dragon

Illustrated notes

Levels and vault maps discovered:
D:1:      mainiacjoe_arrival_reflecting_pool, layout_basic, nrook_campfire
D:2:      layout_loops_ring, basic_altar, minmay_snake_closets
D:3:      layout_basic, ebering_ecumenical_altar_hall,
          minmay_randomly_rotated_circles, uniq_jessica
D:4:      layout_basic, grunt_decor_cap, uniq_sigmund
D:5:      layout_gridville, serial_shops, shop, shop, shop,
          uniq_crazy_yiuf_cottage, uniq_ijyb, uniq_menkaure
D:6:      layout_basic, trog_ov_bears_minmay,
          gammafunk_temple_overflow_forgotten,
          minmay_temple_entry_statues_fountains, serial_shops, kennysheep_mini,
          kennysheep_generic_room_13, uniq_maggie, uniq_duvessa, uniq_edmund,
          uniq_grinder
D:7:      layout_loops_cross, minivault_19, nicolae_shop_overcharged_wands,
          uniq_prince_ribbit1
D:8:      layout_cave_pools, erik_lair_dragon, serial_shops,
          nicolae_shop_temple_entry_statues_fountains,
          nicolae_shop_i_like_small_books_too

Skill      XL: |  1  2  3  4  5  6  7  8  9 10 |
---------------+-------------------------------+-----
Axes           | 3 4 5 6 7 9 |  9.1
Armour         | 1 2 3 4 5 6 |  6.0
Fighting       | 4 5 6 7 |  7.9
Spellcasting   | |  1.3
Fire Magic     | |  2.4

Action                     |  1- 3 |  4- 6 |  7- 9 | 10-12 || total
---------------------------+-------+-------+-------+-------++-------
  Melee: Hand axe          |   112 |   166 |   314 |    31 ||   623
         Punch             |     1 |     1 |     5 |     2 ||     9
         War axe           |       |    44 |       |       ||    44
         Whip              |       |    12 |       |       ||    12
  Throw: Dart              |     1 |     2 |    43 |    10 ||    56
         Javelin           |       |     3 |       |       ||     3
 Invoke: Fiery Armour      |       |     1 |     6 |       ||     7
         Foxfire Swarm     |       |       |     2 |       ||     2
  Evoke: Wand              |       |       |     5 |       ||     5
    Use: Scroll            |     4 |     6 |     5 |       ||    15
 Armour: Leather armour    |    23 |       |       |       ||    23
         Ring mail         |    17 |    84 |       |       ||   101
         Scale mail        |       |    42 |    10 |       ||    52
         Chain mail        |       |       |   170 |       ||   170
         Plate armour      |       |       |    20 |    14 ||    34
  Dodge: Dodged            |    61 |   127 |    92 |     5 ||   285

Table legend: (Time is in decaauts)
 A = Elapsed time spent in this place.
 B = Non-inter-level travel time spent in this place.
 C = Inter-level travel time spent in this place.
 D = Time resting spent in this place.
 E = Time spent auto-exploring this place.
 F = Levels seen in this place.
 G = Mean time per level.
                   A        B        C        D        E       F      G
               +--------+--------+--------+--------+--------+-----+--------+
         Total |   7686 |   7292 |    394 |    407 |   5128 |   8 |  960.8 |
       Dungeon |   7686 |   7292 |    394 |    407 |   5128 |   8 |  960.8 |
               +--------+--------+--------+--------+--------+-----+--------+

Top non-repeatable levels by time:
     D:5: 1337 daAuts
     D:2: 1078 daAuts
     D:6: 985 daAuts
     D:8: 909 daAuts
     D:4: 884 daAuts
     D:7: 875 daAuts
     D:3: 809 daAuts
     D:1: 805 daAuts
